TOP OF THE 1ST |
Austin River Sharks batting - Pitching for Springfield Stars : RHP Hyo-chin Ch'oe
|
Pitching: RHP Hyo-chin Ch'oe
|
|
Batting: LHB Enrico Vargas
|
0-0: Called Strike 0-1: Ball 1-1: Swinging Strike 1-2: Ball 2-2: Ball 3-2: Foul Ball, location: 2F 3-2: Foul Ball, location: 2F 3-2: Base on Balls
|
Batting: RHB Richard Coker
|
0-0: Called Strike 0-1: Ball 1-1: Ball 2-1: Foul Ball, location: 2F 2-2: Foul Ball, location: 2F 2-2: Foul Ball, location: 2F 2-2: Foul Ball, location: 2F 2-2: Foul Ball, location: 2F 2-2: SINGLE (Line Drive, 6MD) Enrico Vargas to second
|
Batting: LHB Fred Abrams
|
0-0: Swinging Strike 0-1: Ball 1-1: Ball 2-1: Ball 3-1: Fielders Choice at 2nd, 4-6 (Groundball, 4) Enrico Vargas to third
|
Batting: RHB Edward Young
|
0-0: Called Strike 0-1: Ball Wild Pitch! Enrico Vargas scores Fred Abrams to second 1-1: Foul Ball, location: 2F 1-2: SINGLE (Groundball, 6MD) Fred Abrams to third Runner from 3rd tries for Home, SAFE, no throw
|
Batting: RHB Tony Cruz
|
0-0: Called Strike 0-1: Foul Ball, location: 2F 0-2: Ball 1-2: Ball 2-2: Ball 3-2: Fly out, F9 (Flyball, 9S)
|
Batting: LHB José Lińares
|
0-0: Called Strike 0-1: Ball 1-1: Called Strike 1-2: Foul Ball, location: 2F 1-2: Foul Ball, location: 2F 1-2: Ground out 6-3 (Groundball, 6MS)
|
Top of the 1st over - 2 runs, 2 hits, 0 errors, 1 left on base; Austin 2 - Springfield 0 |
BOTTOM OF THE 1ST |
Springfield Stars batting - Pitching for Austin River Sharks : RHP José Pérez
|
Pitching: RHP José Pérez
|
|
Batting: RHB Norberto Taváres
|
0-0: Called Strike 0-1: Called Strike 0-2: Strikes out swinging
|
Batting: LHB Jesús Tobías
|
0-0: Ball 1-0: DOUBLE (Line Drive, 89D)
|
Batting: LHB Derek Davidson
|
0-0: Fly out, F4 (Flyball, 4MD)
|
Batting: LHB Felipe Guerrero
|
0-0: Ball 1-0: SINGLE (Line Drive, 8RS) Jesús Tobías to third Runner from 3rd tries for Home, SAFE, no throw
|
Batting: LHB Elliott Newell
|
0-0: Ball 1-0: Ball 2-0: Ball 3-0: Called Strike 3-1: 2-RUN HOME RUN (Flyball, 9LD), Distance : 331 ft
|
Batting: RHB Calvin Bennett
|
0-0: Ball 1-0: Foul Ball, location: 2F 1-1: Ball 2-1: Ball 3-1: Called Strike 3-2: Base on Balls
|
Batting: LHB Mike Pearson
|
0-0: Foul Ball, location: 2F 0-1: Foul Ball, location: 2F 0-2: Ball Calvin Bennett steals 2nd base 1-2: Ball 2-2: Foul Ball, location: 2F 2-2: Fly out, F6 (Popup, 6)
|
Bottom of the 1st over - 3 runs, 3 hits, 0 errors, 1 left on base; Austin 2 - Springfield 3 |
TOP OF THE 2ND |
Austin River Sharks batting - Pitching for Springfield Stars : RHP Hyo-chin Ch'oe
|
Batting: RHB Paul Swift
|
0-0: Called Strike 0-1: Ground out 4-3 (Groundball, 4)
|
Batting: RHB Todd Bryant
|
0-0: Swinging Strike 0-1: Ball 1-1: Foul Ball, location: 2F 1-2: Foul Ball, location: 2F 1-2: Foul Ball, location: 2F 1-2: Strikes out swinging
|
Batting: RHB Andy Aiton
|
0-0: Ball 1-0: Foul Ball, location: 2F 1-1: Foul Ball, location: 2F 1-2: Foul Ball, location: 2F 1-2: Foul Ball, location: 2F 1-2: Ball 2-2: Ball 3-2: Base on Balls
|
Batting: LHB Enrico Vargas
|
0-0: Ball Andy Aiton steals 2nd base 1-0: Fly out, F8 (Flyball, 8RD)
|
Top of the 2nd over - 0 runs, 0 hits, 0 errors, 1 left on base; Austin 2 - Springfield 3 |
BOTTOM OF THE 2ND |
Springfield Stars batting - Pitching for Austin River Sharks : RHP José Pérez
|
Batting: RHB Juan Carlos Rodríguez
|
0-0: Ball 1-0: Fly out, F4 (Popup, 34D)
|
Batting: SHB António De La Cruz
|
0-0: Ground out 6-3 (Groundball, 6)
|
Batting: RHB Norberto Taváres
|
0-0: Called Strike 0-1: Foul Ball, location: 2F 0-2: Strikes out swinging
|
Bottom of the 2nd over - 0 runs, 0 hits, 0 errors, 0 left on base; Austin 2 - Springfield 3 |
TOP OF THE 3RD |
Austin River Sharks batting - Pitching for Springfield Stars : RHP Hyo-chin Ch'oe
|
Batting: RHB Richard Coker
|
0-0: Ball 1-0: SINGLE (Line Drive, 8RS)
|
Batting: LHB Fred Abrams
|
0-0: Ball 1-0: Swinging Strike 1-1: SINGLE (Line Drive, 9S) Richard Coker to second
|
Batting: RHB Edward Young
|
0-0: Ball 1-0: Ball 2-0: Ball 3-0: Called Strike 3-1: SINGLE (Groundball, 6S) (infield hit) Richard Coker to third Fred Abrams to second
|
Batting: RHB Tony Cruz
|
0-0: Called Strike 0-1: Foul Ball, location: 2F 0-2: Ball 1-2: Foul Ball, location: 2F 1-2: Strikes out swinging
|
Batting: LHB José Lińares
|
0-0: Foul Ball, location: 2F 0-1: Called Strike 0-2: Foul Ball, location: 2F 0-2: Fly out, F8 (Flyball, 8LD) Runner from 3rd tags up, SCORES, throw made
|
Batting: RHB Paul Swift
|
0-0: Called Strike 0-1: Ball 1-1: Ground out 4-3 (Groundball, 4)
|
Top of the 3rd over - 1 run, 3 hits, 0 errors, 2 left on base; Austin 3 - Springfield 3 |
BOTTOM OF THE 3RD |
Springfield Stars batting - Pitching for Austin River Sharks : RHP José Pérez
|
Batting: LHB Jesús Tobías
|
0-0: Ball 1-0: Ball 2-0: Foul Ball, location: 2F 2-1: Ball 3-1: Base on Balls
|
Batting: LHB Derek Davidson
|
0-0: Called Strike 0-1: Called Strike 0-2: Ball 1-2: Strikes out swinging
|
Batting: LHB Felipe Guerrero
|
0-0: Called Strike 0-1: Foul Ball, location: 2F 0-2: Ball 1-2: Ball 2-2: Foul Ball, location: 2F 2-2: Foul Ball, location: 2F 2-2: Ball 3-2: SINGLE (Groundball, 34D) Jesús Tobías to second Runner from 2nd tries for 3rd, SAFE, throw made to third
|
Batting: LHB Elliott Newell
|
0-0: Ball 1-0: Called Strike 1-1: 3-RUN HOME RUN (Flyball, 89XD), Distance : 428 ft
|
Batting: RHB Calvin Bennett
|
0-0: Foul Ball, location: 2F 0-1: Foul Ball, location: 2F 0-2: Strikes out swinging
|
Batting: LHB Mike Pearson
|
0-0: Foul Ball, location: 2F 0-1: Foul Ball, location: 2F 0-2: Ball 1-2: Ball 2-2: Ground out 3-1 (Groundball, 34)
|
Bottom of the 3rd over - 3 runs, 2 hits, 0 errors, 0 left on base; Austin 3 - Springfield 6 |
TOP OF THE 4TH |
Austin River Sharks batting - Pitching for Springfield Stars : RHP Hyo-chin Ch'oe
|
Batting: RHB Todd Bryant
|
0-0: Ball 1-0: Ball 2-0: Ground out 5-3 (Groundball, 56S)
|
Batting: RHB Andy Aiton
|
0-0: Ball 1-0: Foul Ball, location: 2F 1-1: Foul Ball, location: 2F 1-2: Ground out 1-3 (Groundball, 15S)
|
Batting: LHB Enrico Vargas
|
0-0: Swinging Strike 0-1: Ball 1-1: Foul Ball, location: 2F 1-2: Ball 2-2: Strikes out looking
|
Top of the 4th over - 0 runs, 0 hits, 0 errors, 0 left on base; Austin 3 - Springfield 6 |
BOTTOM OF THE 4TH |
Springfield Stars batting - Pitching for Austin River Sharks : RHP José Pérez
|
Batting: RHB Juan Carlos Rodríguez
|
0-0: Foul Ball, location: 2F 0-1: Ball 1-1: Ball 2-1: Called Strike 2-2: Foul Ball, location: 2F 2-2: Fly out, F7 (Flyball, 7)
|
Batting: SHB António De La Cruz
|
0-0: Ball 1-0: Called Strike 1-1: Foul Ball, location: 2F 1-2: Foul Ball, location: 2F 1-2: SINGLE (Flyball, 4D)
|
Batting: RHB Norberto Taváres
|
0-0: Ball 1-0: Foul Ball, location: 2F 1-1: Foul Ball, location: 2F 1-2: Ball 2-2: Ball 3-2: Foul Ball, location: 2F 3-2: Foul Ball, location: 2F 3-2: Ground out 6-3 (Groundball, 6) António De La Cruz to second
|
Batting: LHB Jesús Tobías
|
0-0: Ball 1-0: Ball 2-0: Called Strike 2-1: Ball 3-1: Base on Balls
|
Batting: LHB Derek Davidson
|
0-0: Called Strike 0-1: Called Strike 0-2: Foul Ball, location: 2F 0-2: Strikes out swinging
|
Bottom of the 4th over - 0 runs, 1 hit, 0 errors, 2 left on base; Austin 3 - Springfield 6 |
TOP OF THE 5TH |
Austin River Sharks batting - Pitching for Springfield Stars : RHP Hyo-chin Ch'oe
|
Pitching: RHP Luis Cortéz
|
|
Batting: RHB Richard Coker
|
0-0: Foul Ball, location: 2F 0-1: Ball 1-1: Ball 2-1: Ball 3-1: Base on Balls
|
Batting: LHB Fred Abrams
|
0-0: Ball 1-0: Ball 2-0: SINGLE (Line Drive, 34) Richard Coker to second
|
Batting: RHB Edward Young
|
0-0: Ball 1-0: Ball 2-0: Swinging Strike 2-1: Fly out, F7 (Line Drive, 7D) Runner from 2nd tags up, SAFE at 3rd, no throw
|
Batting: RHB Tony Cruz
|
0-0: Called Strike 0-1: Ball 1-1: Ball 2-1: Foul Ball, location: 2F 2-2: Ball 3-2: DOUBLE (Line Drive, 89M) Richard Coker scores Fred Abrams to third Fred Abrams scores
|
Batting: LHB José Lińares
|
0-0: Ball 1-0: Ball 2-0: Ball 3-0: Called Strike 3-1: Called Strike 3-2: Strikes out swinging
|
Batting: RHB Paul Swift
|
0-0: Called Strike 0-1: Swinging Strike 0-2: Foul Ball, location: 2F 0-2: Strikes out swinging
|
Top of the 5th over - 2 runs, 2 hits, 0 errors, 1 left on base; Austin 5 - Springfield 6 |
BOTTOM OF THE 5TH |
Springfield Stars batting - Pitching for Austin River Sharks : RHP José Pérez
|
Batting: LHB Felipe Guerrero
|
0-0: Called Strike 0-1: Swinging Strike 0-2: Ball 1-2: SINGLE (Line Drive, 9S)
|
Batting: LHB Elliott Newell
|
0-0: Called Strike 0-1: Foul Ball, location: 2F 0-2: Ball 1-2: Strikes out swinging
|
Batting: RHB Calvin Bennett
|
0-0: Ball 1-0: Called Strike 1-1: Ball 2-1: Swinging Strike 2-2: Strikes out swinging
|
Batting: LHB Mike Pearson
|
0-0: Ball 1-0: Fielders Choice at 2nd, 5-4 (Groundball, 56)
|
Bottom of the 5th over - 0 runs, 1 hit, 0 errors, 1 left on base; Austin 5 - Springfield 6 |
TOP OF THE 6TH |
Austin River Sharks batting - Pitching for Springfield Stars : RHP Luis Cortéz
|
Pitching: LHP Cristián Escobar
|
|
Batting: RHB Todd Bryant
|
0-0: Ball 1-0: Called Strike 1-1: Called Strike 1-2: Fly out, F5 (Line Drive, 5)
|
Batting: RHB Andy Aiton
|
0-0: Ball 1-0: Called Strike 1-1: Called Strike 1-2: Foul Ball, location: 2F 1-2: Foul Ball, location: 2F 1-2: Strikes out looking
|
Batting: LHB Enrico Vargas
|
0-0: SINGLE (Groundball, 6D)
|
Batting: RHB Richard Coker
|
0-0: Called Strike 0-1: Ball 1-1: Called Strike 1-2: Foul Ball, location: 2F 1-2: Strikes out swinging
|
Top of the 6th over - 0 runs, 1 hit, 0 errors, 1 left on base; Austin 5 - Springfield 6 |
BOTTOM OF THE 6TH |
Springfield Stars batting - Pitching for Austin River Sharks : RHP José Pérez
|
Pitching: RHP Luis Trujillo
|
|
Batting: RHB Juan Carlos Rodríguez
|
0-0: Called Strike 0-1: Ball 1-1: Ball 2-1: Fly out, F7 (Flyball, 7D)
|
Batting: SHB António De La Cruz
|
0-0: SINGLE (Groundball, 34D)
|
Batting: RHB Norberto Taváres
|
0-0: Ball 1-0: Ground out 4-3 (Groundball, 4S) António De La Cruz to second
|
Batting: LHB Jesús Tobías
|
0-0: Swinging Strike 0-1: Swinging Strike 0-2: Ball 1-2: Foul Ball, location: 2F 1-2: Ball 2-2: SINGLE (Line Drive, 6M) António De La Cruz to third Runner from 3rd tries for Home, SAFE, no throw
|
Batting: LHB Derek Davidson
|
0-0: Ball 1-0: Called Strike 1-1: Ground out 3-1 (Groundball, 34)
|
Bottom of the 6th over - 1 run, 2 hits, 0 errors, 1 left on base; Austin 5 - Springfield 7 |
TOP OF THE 7TH |
Austin River Sharks batting - Pitching for Springfield Stars : LHP Cristián Escobar
|
Batting: LHB Fred Abrams
|
0-0: Foul Ball, location: 2F 0-1: Foul Ball, location: 2F 0-2: Ball 1-2: Strikes out looking
|
Batting: RHB Edward Young
|
0-0: Called Strike 0-1: Called Strike 0-2: Ball 1-2: Ball 2-2: Ground out 6-3 (Groundball, 6)
|
Batting: RHB Tony Cruz
|
0-0: Ground out 1-3 (Groundball, P)
|
Top of the 7th over - 0 runs, 0 hits, 0 errors, 0 left on base; Austin 5 - Springfield 7 |
BOTTOM OF THE 7TH |
Springfield Stars batting - Pitching for Austin River Sharks : RHP Luis Trujillo
|
Pitching: LHP Manuel Gil
|
|
Batting: LHB Felipe Guerrero
|
0-0: Ball 1-0: Called Strike 1-1: Foul Ball, location: 2F 1-2: Fly out, F6 (Line Drive, 6M)
|
Batting: LHB Elliott Newell
|
0-0: Called Strike 0-1: Ball 1-1: Ball 2-1: Ball 3-1: Base on Balls
|
Pitching: RHP Hiroshige Yamada
|
|
Batting: RHB Calvin Bennett
|
0-0: Ball 1-0: Fly out, F7 (Line Drive, 7S)
|
Batting: LHB Mike Pearson
|
0-0: Called Strike 0-1: Swinging Strike 0-2: Foul Ball, location: 2F 0-2: Ball 1-2: Ball 2-2: Foul Ball, location: 2F 2-2: Fielders Choice at 2nd, 5-4 (Groundball, 5D)
|
Bottom of the 7th over - 0 runs, 0 hits, 0 errors, 1 left on base; Austin 5 - Springfield 7 |
TOP OF THE 8TH |
Austin River Sharks batting - Pitching for Springfield Stars : LHP Cristián Escobar
|
Batting: LHB José Lińares
|
0-0: Foul Ball, location: 2F 0-1: Ball 1-1: Foul Ball, location: 2F 1-2: Strikes out swinging
|
Batting: RHB Paul Swift
|
0-0: Ground out 4-3 (Groundball, 4S)
|
Batting: RHB Todd Bryant
|
0-0: Ball 1-0: Swinging Strike 1-1: Ball 2-1: Called Strike 2-2: Ball 3-2: Ground out 4-3 (Groundball, 4)
|
Top of the 8th over - 0 runs, 0 hits, 0 errors, 0 left on base; Austin 5 - Springfield 7 |
BOTTOM OF THE 8TH |
Springfield Stars batting - Pitching for Austin River Sharks : RHP Hiroshige Yamada
|
Batting: RHB Juan Carlos Rodríguez
|
0-0: Fly out, F9 (Line Drive, 9)
|
Batting: SHB António De La Cruz
|
0-0: Ball 1-0: Called Strike 1-1: Ball 2-1: Ball 3-1: Foul Ball, location: 2F 3-2: Foul Ball, location: 2F 3-2: Base on Balls
|
Batting: RHB Norberto Taváres
|
0-0: Ball 1-0: Ball 2-0: Ball 3-0: Base on Balls António De La Cruz to second
|
Batting: LHB Jesús Tobías
|
0-0: Grounds into double play, 4-6-3 (Groundball, 34D)
|
Bottom of the 8th over - 0 runs, 0 hits, 0 errors, 1 left on base; Austin 5 - Springfield 7 |
TOP OF THE 9TH |
Austin River Sharks batting - Pitching for Springfield Stars : LHP Cristián Escobar
|
Pitching: RHP José Valdéz
|
|
Batting: RHB Andy Aiton
|
0-0: Ball 1-0: Ball 2-0: Called Strike 2-1: Fly out, F4 (Line Drive, 4)
|
Batting: LHB Enrico Vargas
|
0-0: Ground out 1-3 (Groundball, 13)
|
Batting: RHB Richard Coker
|
0-0: Called Strike 0-1: Ball 1-1: Foul Ball, location: 2F 1-2: Strikes out looking
|
Top of the 9th over - 0 runs, 0 hits, 0 errors, 0 left on base; Austin 5 - Springfield 7 |
|